Workbook

Sheet MENUISERIES
A1: Ref Tab | B1: Nom du chantier | C1: Ville | D1: Etat du dossier | E1: Commentaires | F1: N° | G1: Désignation | H1: Rale | I1: Date commande | J1: Date fin loi Skriver | K1: Financement | L1: Etat du finacement | M1: Date métrage | N1: Montant HT | O1: TVA14 | P1: Montant TTC de la commande | Q1: Acompte TTC | R1: date encaissement | S1: Date de pose | T1: encaisser client | U1: Date encaissement cLient | V1: Part Financement | W1: A encaisser domo finance | X1: Date encaissemennt domo | Y1: Solde à encaisser | Z1: Fournisseur 1 | AA1: Produits | AB1: Commentaires2 | AC1: Date conmannde fournisseur | AD1: Date confirmation fornisseur | AE1: Datre de livraision | AF1: Date paiement fournisseur | AG1: Montant concurant | AH1: Montant HT commande | AI1: TVA | AJ1: Montant TTC commande | AK1: Fourniesseur 2 | AL1: Produit | AM1: Commentaires3 | AN1: Date commande fournisseur | AO1: Date confirmation fournisseur | AP1: Datre de livraision 2 | AQ1: Date paiement Fournisseur3 | AR1: Montant HT commande 4 | AS1: TVA2 | AT1: Montant TTC commande6 | AU1: Fournisseur 3 | AV1: Produits2 | AW1: Commentaires4 | AX1: Date conmannde fournisseur 7 | AY1: Date confirmation fournisseur 8 | AZ1: Datre de livraision 9 | BA1: Date paiement fournisseur10 | BB1: Montant HT commande 11 | BC1: TVA12 | BD1: Montant TTC commande13 | BE1: CA HT | BF1: CM HT | BG1: MARGE | BH1: % | BI1: Nombre de jour de pose | BJ1: Couts de pose | BK1: Marge Aprés pose | BL1: % après pose | BM1: vendeur | BN1: TLP PPV | BO1: Taux | BP1: Montant Com metrage | BQ1: Com Métrage Payé le | BR1: Montant com fin de chantier | BS1: Com fin de chantier payé le | BT1: Marge Aprés commision | BU1: % après commision
A2: 1 | B2: Martin | N2: 4000 | P2: 4500 | S2: S38 | Y2: 500
A3: 2 | B3: Sophie | N3: 2000 | S3: S39 | Y3: 5000
A4: 3 | B4: Tourtoin | N4: 1000 | S4: S40 | Y4: 3000
A5: 4 | B5: Truc pluch | S5: S38 | Y5: 2000
A6: 5 | B6: Tyhdfq | S6: S39 | Y6: 3000
A7: 6 | B7: hgjg | S7: S40 | Y7: 1000
A8: 7 | B8: kjslkj
A9: 8
A10: 9
A11: 10
A12: 11
A13: 12
A14: 13
A15: 14
A16: 15
A17: 16
A18: 17
A19: 20
A20: 21
... A96: 104

Sheet Calendrier de pose
A1: Ref | B1: Date de pose | C1: Nom | D1: Etat du dossier | E1: Description | F1: Montant HT | G1: A encaisser | H1: Nombre de jour de pose | I1: Nom Fourn 1 | J1: Livraison fournis 1 | K1: Nom Fourn 2 | L1: Livraison fournis 2 | M1: Nom Fourn 3 | N1: Livraison fournis 3
A2: 1 | B2: =IFERROR(VLOOKUP('Calendrier de pose'!A2,menuiseries[],19,FALSE),"") -> S38 | C2: =IFERROR(VLOOKUP('Calendrier de pose'!A2,menuiseries[],2,FALSE),"") -> Martin | D2: =IFERROR(VLOOKUP('Calendrier de pose'!A2,menuiseries[],4,FALSE),"") -> 0 | E2: =IFERROR(VLOOKUP('Calendrier de pose'!A2,menuiseries[],7,FALSE),"") -> 0 | F2: =IFERROR(VLOOKUP('Calendrier de pose'!A2,menuiseries[],14,FALSE),"") -> 4000 | G2: =IFERROR(VLOOKUP('Calendrier de pose'!A2,menuiseries[],16,FALSE),"") -> 4500 | H2: =IFERROR(VLOOKUP('Calendrier de pose'!A2,menuiseries[],61,FALSE),"") -> 0 | I2: =IFERROR(VLOOKUP('Calendrier de pose'!A2,menuiseries[],26,FALSE),"") -> 0 | J2: =IFERROR(VLOOKUP('Calendrier de pose'!A2,menuiseries[],31,FALSE),"") -> 0 | K2: =IFERROR(VLOOKUP('Calendrier de pose'!A2,menuiseries[],37,FALSE),"") -> 0 | L2: =IFERROR(VLOOKUP('Calendrier de pose'!A2,menuiseries[],42,FALSE),"") -> 0 | M2: =IFERROR(VLOOKUP('Calendrier de pose'!A2,menuiseries[],47,FALSE),"") -> 0 | N2: =IFERROR(VLOOKUP('Calendrier de pose'!A2,menuiseries[],53,FALSE),"") -> 0
A3: 2 | B3: =IFERROR(VLOOKUP('Calendrier de pose'!A3,menuiseries[],19,FALSE),"") -> S39 | C3: =IFERROR(VLOOKUP('Calendrier de pose'!A3,menuiseries[],2,FALSE),"") -> Sophie | D3: =IFERROR(VLOOKUP('Calendrier de pose'!A3,menuiseries[],4,FALSE),"") -> 0 | E3: =IFERROR(VLOOKUP('Calendrier de pose'!A3,menuiseries[],7,FALSE),"") -> 0 | F3: =IFERROR(VLOOKUP('Calendrier de pose'!A3,menuiseries[],14,FALSE),"") -> 2000 | G3: =IFERROR(VLOOKUP('Calendrier de pose'!A3,menuiseries[],16,FALSE),"") -> 0 | H3: =IFERROR(VLOOKUP('Calendrier de pose'!A3,menuiseries[],61,FALSE),"") -> 0 | I3: =IFERROR(VLOOKUP('Calendrier de pose'!A3,menuiseries[],26,FALSE),"") -> 0 | J3: =IFERROR(VLOOKUP('Calendrier de pose'!A3,menuiseries[],31,FALSE),"") -> 0 | K3: =IFERROR(VLOOKUP('Calendrier de pose'!A3,menuiseries[],37,FALSE),"") -> 0 | L3: =IFERROR(VLOOKUP('Calendrier de pose'!A3,menuiseries[],42,FALSE),"") -> 0 | M3: =IFERROR(VLOOKUP('Calendrier de pose'!A3,menuiseries[],47,FALSE),"") -> 0 | N3: =IFERROR(VLOOKUP('Calendrier de pose'!A3,menuiseries[],53,FALSE),"") -> 0
A4: 3 | B4: =IFERROR(VLOOKUP('Calendrier de pose'!A4,menuiseries[],19,FALSE),"") -> S40 | C4: =IFERROR(VLOOKUP('Calendrier de pose'!A4,menuiseries[],2,FALSE),"") -> Tourtoin | D4: =IFERROR(VLOOKUP('Calendrier de pose'!A4,menuiseries[],4,FALSE),"") -> 0 | E4: =IFERROR(VLOOKUP('Calendrier de pose'!A4,menuiseries[],7,FALSE),"") -> 0 | F4: =IFERROR(VLOOKUP('Calendrier de pose'!A4,menuiseries[],14,FALSE),"") -> 1000 | G4: =IFERROR(VLOOKUP('Calendrier de pose'!A4,menuiseries[],16,FALSE),"") -> 0 | H4: =IFERROR(VLOOKUP('Calendrier de pose'!A4,menuiseries[],61,FALSE),"") -> 0 | I4: =IFERROR(VLOOKUP('Calendrier de pose'!A4,menuiseries[],26,FALSE),"") -> 0 | J4: =IFERROR(VLOOKUP('Calendrier de pose'!A4,menuiseries[],31,FALSE),"") -> 0 | K4: =IFERROR(VLOOKUP('Calendrier de pose'!A4,menuiseries[],37,FALSE),"") -> 0 | L4: =IFERROR(VLOOKUP('Calendrier de pose'!A4,menuiseries[],42,FALSE),"") -> 0 | M4: =IFERROR(VLOOKUP('Calendrier de pose'!A4,menuiseries[],47,FALSE),"") -> 0 | N4: =IFERROR(VLOOKUP('Calendrier de pose'!A4,menuiseries[],53,FALSE),"") -> 0
A5: 4 | B5: =IFERROR(VLOOKUP('Calendrier de pose'!A5,menuiseries[],19,FALSE),"") -> S38 | C5: =IFERROR(VLOOKUP('Calendrier de pose'!A5,menuiseries[],2,FALSE),"") -> Truc pluch | D5: =IFERROR(VLOOKUP('Calendrier de pose'!A5,menuiseries[],4,FALSE),"") -> 0 | E5: =IFERROR(VLOOKUP('Calendrier de pose'!A5,menuiseries[],7,FALSE),"") -> 0 | F5: =IFERROR(VLOOKUP('Calendrier de pose'!A5,menuiseries[],14,FALSE),"") -> 0 | G5: =IFERROR(VLOOKUP('Calendrier de pose'!A5,menuiseries[],16,FALSE),"") -> 0 | H5: =IFERROR(VLOOKUP('Calendrier de pose'!A5,menuiseries[],61,FALSE),"") -> 0 | I5: =IFERROR(VLOOKUP('Calendrier de pose'!A5,menuiseries[],26,FALSE),"") -> 0 | J5: =IFERROR(VLOOKUP('Calendrier de pose'!A5,menuiseries[],31,FALSE),"") -> 0 | K5: =IFERROR(VLOOKUP('Calendrier de pose'!A5,menuiseries[],37,FALSE),"") -> 0 | L5: =IFERROR(VLOOKUP('Calendrier de pose'!A5,menuiseries[],42,FALSE),"") -> 0 | M5: =IFERROR(VLOOKUP('Calendrier de pose'!A5,menuiseries[],47,FALSE),"") -> 0 | N5: =IFERROR(VLOOKUP('Calendrier de pose'!A5,menuiseries[],53,FALSE),"") -> 0
A6: 5 | B6: =IFERROR(VLOOKUP('Calendrier de pose'!A6,menuiseries[],19,FALSE),"") -> S39 | C6: =IFERROR(VLOOKUP('Calendrier de pose'!A6,menuiseries[],2,FALSE),"") -> Tyhdfq | D6: =IFERROR(VLOOKUP('Calendrier de pose'!A6,menuiseries[],4,FALSE),"") -> 0 | E6: =IFERROR(VLOOKUP('Calendrier de pose'!A6,menuiseries[],7,FALSE),"") -> 0 | F6: =IFERROR(VLOOKUP('Calendrier de pose'!A6,menuiseries[],14,FALSE),"") -> 0 | G6: =IFERROR(VLOOKUP('Calendrier de pose'!A6,menuiseries[],16,FALSE),"") -> 0 | H6: =IFERROR(VLOOKUP('Calendrier de pose'!A6,menuiseries[],61,FALSE),"") -> 0 | I6: =IFERROR(VLOOKUP('Calendrier de pose'!A6,menuiseries[],26,FALSE),"") -> 0 | J6: =IFERROR(VLOOKUP('Calendrier de pose'!A6,menuiseries[],31,FALSE),"") -> 0 | K6: =IFERROR(VLOOKUP('Calendrier de pose'!A6,menuiseries[],37,FALSE),"") -> 0 | L6: =IFERROR(VLOOKUP('Calendrier de pose'!A6,menuiseries[],42,FALSE),"") -> 0 | M6: =IFERROR(VLOOKUP('Calendrier de pose'!A6,menuiseries[],47,FALSE),"") -> 0 | N6: =IFERROR(VLOOKUP('Calendrier de pose'!A6,menuiseries[],53,FALSE),"") -> 0
A7: 6 | B7: =IFERROR(VLOOKUP('Calendrier de pose'!A7,menuiseries[],19,FALSE),"") -> S40 | C7: =IFERROR(VLOOKUP('Calendrier de pose'!A7,menuiseries[],2,FALSE),"") -> hgjg | D7: =IFERROR(VLOOKUP('Calendrier de pose'!A7,menuiseries[],4,FALSE),"") -> 0 | E7: =IFERROR(VLOOKUP('Calendrier de pose'!A7,menuiseries[],7,FALSE),"") -> 0 | F7: =IFERROR(VLOOKUP('Calendrier de pose'!A7,menuiseries[],14,FALSE),"") -> 0 | G7: =IFERROR(VLOOKUP('Calendrier de pose'!A7,menuiseries[],16,FALSE),"") -> 0 | H7: =IFERROR(VLOOKUP('Calendrier de pose'!A7,menuiseries[],61,FALSE),"") -> 0 | I7: =IFERROR(VLOOKUP('Calendrier de pose'!A7,menuiseries[],26,FALSE),"") -> 0 | J7: =IFERROR(VLOOKUP('Calendrier de pose'!A7,menuiseries[],31,FALSE),"") -> 0 | K7: =IFERROR(VLOOKUP('Calendrier de pose'!A7,menuiseries[],37,FALSE),"") -> 0 | L7: =IFERROR(VLOOKUP('Calendrier de pose'!A7,menuiseries[],42,FALSE),"") -> 0 | M7: =IFERROR(VLOOKUP('Calendrier de pose'!A7,menuiseries[],47,FALSE),"") -> 0 | N7: =IFERROR(VLOOKUP('Calendrier de pose'!A7,menuiseries[],53,FALSE),"") -> 0
A8: 7 | B8: =IFERROR(VLOOKUP('Calendrier de pose'!A8,menuiseries[],19,FALSE),"") -> 0 | C8: =IFERROR(VLOOKUP('Calendrier de pose'!A8,menuiseries[],2,FALSE),"") -> kjslkj | D8: =IFERROR(VLOOKUP('Calendrier de pose'!A8,menuiseries[],4,FALSE),"") -> 0 | E8: =IFERROR(VLOOKUP('Calendrier de pose'!A8,menuiseries[],7,FALSE),"") -> 0 | F8: =IFERROR(VLOOKUP('Calendrier de pose'!A8,menuiseries[],14,FALSE),"") -> 0 | G8: =IFERROR(VLOOKUP('Calendrier de pose'!A8,menuiseries[],16,FALSE),"") -> 0 | H8: =IFERROR(VLOOKUP('Calendrier de pose'!A8,menuiseries[],61,FALSE),"") -> 0 | I8: =IFERROR(VLOOKUP('Calendrier de pose'!A8,menuiseries[],26,FALSE),"") -> 0 | J8: =IFERROR(VLOOKUP('Calendrier de pose'!A8,menuiseries[],31,FALSE),"") -> 0 | K8: =IFERROR(VLOOKUP('Calendrier de pose'!A8,menuiseries[],37,FALSE),"") -> 0 | L8: =IFERROR(VLOOKUP('Calendrier de pose'!A8,menuiseries[],42,FALSE),"") -> 0 | M8: =IFERROR(VLOOKUP('Calendrier de pose'!A8,menuiseries[],47,FALSE),"") -> 0 | N8: =IFERROR(VLOOKUP('Calendrier de pose'!A8,menuiseries[],53,FALSE),"") -> 0
A9: 8 | B9: =IFERROR(VLOOKUP('Calendrier de pose'!A9,menuiseries[],19,FALSE),"") -> 0 | C9: =IFERROR(VLOOKUP('Calendrier de pose'!A9,menuiseries[],2,FALSE),"") -> 0 | D9: =IFERROR(VLOOKUP('Calendrier de pose'!A9,menuiseries[],4,FALSE),"") -> 0 | E9: =IFERROR(VLOOKUP('Calendrier de pose'!A9,menuiseries[],7,FALSE),"") -> 0 | F9: =IFERROR(VLOOKUP('Calendrier de pose'!A9,menuiseries[],14,FALSE),"") -> 0 | G9: =IFERROR(VLOOKUP('Calendrier de pose'!A9,menuiseries[],16,FALSE),"") -> 0 | H9: =IFERROR(VLOOKUP('Calendrier de pose'!A9,menuiseries[],61,FALSE),"") -> 0 | I9: =IFERROR(VLOOKUP('Calendrier de pose'!A9,menuiseries[],26,FALSE),"") -> 0 | J9: =IFERROR(VLOOKUP('Calendrier de pose'!A9,menuiseries[],31,FALSE),"") -> 0 | K9: =IFERROR(VLOOKUP('Calendrier de pose'!A9,menuiseries[],37,FALSE),"") -> 0 | L9: =IFERROR(VLOOKUP('Calendrier de pose'!A9,menuiseries[],42,FALSE),"") -> 0 | M9: =IFERROR(VLOOKUP('Calendrier de pose'!A9,menuiseries[],47,FALSE),"") -> 0 | N9: =IFERROR(VLOOKUP('Calendrier de pose'!A9,menuiseries[],53,FALSE),"") -> 0
A10: 9 | B10: =IFERROR(VLOOKUP('Calendrier de pose'!A10,menuiseries[],19,FALSE),"") -> 0 | C10: =IFERROR(VLOOKUP('Calendrier de pose'!A10,menuiseries[],2,FALSE),"") -> 0 | D10: =IFERROR(VLOOKUP('Calendrier de pose'!A10,menuiseries[],4,FALSE),"") -> 0 | E10: =IFERROR(VLOOKUP('Calendrier de pose'!A10,menuiseries[],7,FALSE),"") -> 0 | F10: =IFERROR(VLOOKUP('Calendrier de pose'!A10,menuiseries[],14,FALSE),"") -> 0 | G10: =IFERROR(VLOOKUP('Calendrier de pose'!A10,menuiseries[],16,FALSE),"") -> 0 | H10: =IFERROR(VLOOKUP('Calendrier de pose'!A10,menuiseries[],61,FALSE),"") -> 0 | I10: =IFERROR(VLOOKUP('Calendrier de pose'!A10,menuiseries[],26,FALSE),"") -> 0 | J10: =IFERROR(VLOOKUP('Calendrier de pose'!A10,menuiseries[],31,FALSE),"") -> 0 | K10: =IFERROR(VLOOKUP('Calendrier de pose'!A10,menuiseries[],37,FALSE),"") -> 0 | L10: =IFERROR(VLOOKUP('Calendrier de pose'!A10,menuiseries[],42,FALSE),"") -> 0 | M10: =IFERROR(VLOOKUP('Calendrier de pose'!A10,menuiseries[],47,FALSE),"") -> 0 | N10: =IFERROR(VLOOKUP('Calendrier de pose'!A10,menuiseries[],53,FALSE),"") -> 0
A11: 10 | B11: =IFERROR(VLOOKUP('Calendrier de pose'!A11,menuiseries[],19,FALSE),"") -> 0 | C11: =IFERROR(VLOOKUP('Calendrier de pose'!A11,menuiseries[],2,FALSE),"") -> 0 | D11: =IFERROR(VLOOKUP('Calendrier de pose'!A11,menuiseries[],4,FALSE),"") -> 0 | E11: =IFERROR(VLOOKUP('Calendrier de pose'!A11,menuiseries[],7,FALSE),"") -> 0 | F11: =IFERROR(VLOOKUP('Calendrier de pose'!A11,menuiseries[],14,FALSE),"") -> 0 | G11: =IFERROR(VLOOKUP('Calendrier de pose'!A11,menuiseries[],16,FALSE),"") -> 0 | H11: =IFERROR(VLOOKUP('Calendrier de pose'!A11,menuiseries[],61,FALSE),"") -> 0 | I11: =IFERROR(VLOOKUP('Calendrier de pose'!A11,menuiseries[],26,FALSE),"") -> 0 | J11: =IFERROR(VLOOKUP('Calendrier de pose'!A11,menuiseries[],31,FALSE),"") -> 0 | K11: =IFERROR(VLOOKUP('Calendrier de pose'!A11,menuiseries[],37,FALSE),"") -> 0 | L11: =IFERROR(VLOOKUP('Calendrier de pose'!A11,menuiseries[],42,FALSE),"") -> 0 | M11: =IFERROR(VLOOKUP('Calendrier de pose'!A11,menuiseries[],47,FALSE),"") -> 0 | N11: =IFERROR(VLOOKUP('Calendrier de pose'!A11,menuiseries[],53,FALSE),"") -> 0
A12: 11 | B12: =IFERROR(VLOOKUP('Calendrier de pose'!A12,menuiseries[],19,FALSE),"") -> 0 | C12: =IFERROR(VLOOKUP('Calendrier de pose'!A12,menuiseries[],2,FALSE),"") -> 0 | D12: =IFERROR(VLOOKUP('Calendrier de pose'!A12,menuiseries[],4,FALSE),"") -> 0 | E12: =IFERROR(VLOOKUP('Calendrier de pose'!A12,menuiseries[],7,FALSE),"") -> 0 | F12: =IFERROR(VLOOKUP('Calendrier de pose'!A12,menuiseries[],14,FALSE),"") -> 0 | G12: =IFERROR(VLOOKUP('Calendrier de pose'!A12,menuiseries[],16,FALSE),"") -> 0 | H12: =IFERROR(VLOOKUP('Calendrier de pose'!A12,menuiseries[],61,FALSE),"") -> 0 | I12: =IFERROR(VLOOKUP('Calendrier de pose'!A12,menuiseries[],26,FALSE),"") -> 0 | J12: =IFERROR(VLOOKUP('Calendrier de pose'!A12,menuiseries[],31,FALSE),"") -> 0 | K12: =IFERROR(VLOOKUP('Calendrier de pose'!A12,menuiseries[],37,FALSE),"") -> 0 | L12: =IFERROR(VLOOKUP('Calendrier de pose'!A12,menuiseries[],42,FALSE),"") -> 0 | M12: =IFERROR(VLOOKUP('Calendrier de pose'!A12,menuiseries[],47,FALSE),"") -> 0 | N12: =IFERROR(VLOOKUP('Calendrier de pose'!A12,menuiseries[],53,FALSE),"") -> 0
A13: 12 | B13: =IFERROR(VLOOKUP('Calendrier de pose'!A13,menuiseries[],19,FALSE),"") -> 0 | C13: =IFERROR(VLOOKUP('Calendrier de pose'!A13,menuiseries[],2,FALSE),"") -> 0 | D13: =IFERROR(VLOOKUP('Calendrier de pose'!A13,menuiseries[],4,FALSE),"") -> 0 | E13: =IFERROR(VLOOKUP('Calendrier de pose'!A13,menuiseries[],7,FALSE),"") -> 0 | F13: =IFERROR(VLOOKUP('Calendrier de pose'!A13,menuiseries[],14,FALSE),"") -> 0 | G13: =IFERROR(VLOOKUP('Calendrier de pose'!A13,menuiseries[],16,FALSE),"") -> 0 | H13: =IFERROR(VLOOKUP('Calendrier de pose'!A13,menuiseries[],61,FALSE),"") -> 0 | I13: =IFERROR(VLOOKUP('Calendrier de pose'!A13,menuiseries[],26,FALSE),"") -> 0 | J13: =IFERROR(VLOOKUP('Calendrier de pose'!A13,menuiseries[],31,FALSE),"") -> 0 | K13: =IFERROR(VLOOKUP('Calendrier de pose'!A13,menuiseries[],37,FALSE),"") -> 0 | L13: =IFERROR(VLOOKUP('Calendrier de pose'!A13,menuiseries[],42,FALSE),"") -> 0 | M13: =IFERROR(VLOOKUP('Calendrier de pose'!A13,menuiseries[],47,FALSE),"") -> 0 | N13: =IFERROR(VLOOKUP('Calendrier de pose'!A13,menuiseries[],53,FALSE),"") -> 0
... A135: 134 | B135: =IFERROR(VLOOKUP('Calendrier de pose'!A135,menuiseries[],19,FALSE),"") | C135: =IFERROR(VLOOKUP('Calendrier de pose'!A135,menuiseries[],2,FALSE),"") | D135: =IFERROR(VLOOKUP('Calendrier de pose'!A135,menuiseries[],4,FALSE),"") | E135: =IFERROR(VLOOKUP('Calendrier de pose'!A135,menuiseries[],7,FALSE),"") | F135: =IFERROR(VLOOKUP('Calendrier de pose'!A135,menuiseries[],14,FALSE),"") | G135: =IFERROR(VLOOKUP('Calendrier de pose'!A135,menuiseries[],16,FALSE),"") | H135: =IFERROR(VLOOKUP('Calendrier de pose'!A135,menuiseries[],61,FALSE),"") | I135: =IFERROR(VLOOKUP('Calendrier de pose'!A135,menuiseries[],26,FALSE),"") | J135: =IFERROR(VLOOKUP('Calendrier de pose'!A135,menuiseries[],31,FALSE),"") | K135: =IFERROR(VLOOKUP('Calendrier de pose'!A135,menuiseries[],37,FALSE),"") | L135: =IFERROR(VLOOKUP('Calendrier de pose'!A135,menuiseries[],42,FALSE),"") | M135: =IFERROR(VLOOKUP('Calendrier de pose'!A135,menuiseries[],47,FALSE),"") | N135: =IFERROR(VLOOKUP('Calendrier de pose'!A135,menuiseries[],53,FALSE),"")
B136: =IFERROR(VLOOKUP('Calendrier de pose'!A136,menuiseries[],19,FALSE),"") | C136: =IFERROR(VLOOKUP('Calendrier de pose'!A136,menuiseries[],2,FALSE),"") | D136: =IFERROR(VLOOKUP('Calendrier de pose'!A136,menuiseries[],4,FALSE),"") | E136: =IFERROR(VLOOKUP('Calendrier de pose'!A136,menuiseries[],7,FALSE),"") | F136: =IFERROR(VLOOKUP('Calendrier de pose'!A136,menuiseries[],14,FALSE),"") | G136: =IFERROR(VLOOKUP('Calendrier de pose'!A136,menuiseries[],16,FALSE),"") | H136: =IFERROR(VLOOKUP('Calendrier de pose'!A136,menuiseries[],61,FALSE),"") | I136: =IFERROR(VLOOKUP('Calendrier de pose'!A136,menuiseries[],26,FALSE),"") | J136: =IFERROR(VLOOKUP('Calendrier de pose'!A136,menuiseries[],31,FALSE),"") | K136: =IFERROR(VLOOKUP('Calendrier de pose'!A136,menuiseries[],37,FALSE),"") | L136: =IFERROR(VLOOKUP('Calendrier de pose'!A136,menuiseries[],42,FALSE),"") | M136: =IFERROR(VLOOKUP('Calendrier de pose'!A136,menuiseries[],47,FALSE),"") | N136: =IFERROR(VLOOKUP('Calendrier de pose'!A136,menuiseries[],53,FALSE),"")
B137: =IFERROR(VLOOKUP('Calendrier de pose'!A137,menuiseries[],19,FALSE),"") | C137: =IFERROR(VLOOKUP('Calendrier de pose'!A137,menuiseries[],2,FALSE),"") | D137: =IFERROR(VLOOKUP('Calendrier de pose'!A137,menuiseries[],4,FALSE),"") | E137: =IFERROR(VLOOKUP('Calendrier de pose'!A137,menuiseries[],7,FALSE),"") | F137: =IFERROR(VLOOKUP('Calendrier de pose'!A137,menuiseries[],14,FALSE),"") | G137: =IFERROR(VLOOKUP('Calendrier de pose'!A137,menuiseries[],16,FALSE),"") | H137: =IFERROR(VLOOKUP('Calendrier de pose'!A137,menuiseries[],61,FALSE),"") | I137: =IFERROR(VLOOKUP('Calendrier de pose'!A137,menuiseries[],26,FALSE),"") | J137: =IFERROR(VLOOKUP('Calendrier de pose'!A137,menuiseries[],31,FALSE),"") | K137: =IFERROR(VLOOKUP('Calendrier de pose'!A137,menuiseries[],37,FALSE),"") | L137: =IFERROR(VLOOKUP('Calendrier de pose'!A137,menuiseries[],42,FALSE),"") | M137: =IFERROR(VLOOKUP('Calendrier de pose'!A137,menuiseries[],47,FALSE),"") | N137: =IFERROR(VLOOKUP('Calendrier de pose'!A137,menuiseries[],53,FALSE),"")
B138: =IFERROR(VLOOKUP('Calendrier de pose'!A138,menuiseries[],19,FALSE),"") | C138: =IFERROR(VLOOKUP('Calendrier de pose'!A138,menuiseries[],2,FALSE),"") | D138: =IFERROR(VLOOKUP('Calendrier de pose'!A138,menuiseries[],4,FALSE),"") | E138: =IFERROR(VLOOKUP('Calendrier de pose'!A138,menuiseries[],7,FALSE),"") | F138: =IFERROR(VLOOKUP('Calendrier de pose'!A138,menuiseries[],14,FALSE),"") | G138: =IFERROR(VLOOKUP('Calendrier de pose'!A138,menuiseries[],16,FALSE),"") | H138: =IFERROR(VLOOKUP('Calendrier de pose'!A138,menuiseries[],61,FALSE),"") | I138: =IFERROR(VLOOKUP('Calendrier de pose'!A138,menuiseries[],26,FALSE),"") | J138: =IFERROR(VLOOKUP('Calendrier de pose'!A138,menuiseries[],31,FALSE),"") | K138: =IFERROR(VLOOKUP('Calendrier de pose'!A138,menuiseries[],37,FALSE),"") | L138: =IFERROR(VLOOKUP('Calendrier de pose'!A138,menuiseries[],42,FALSE),"") | M138: =IFERROR(VLOOKUP('Calendrier de pose'!A138,menuiseries[],47,FALSE),"") | N138: =IFERROR(VLOOKUP('Calendrier de pose'!A138,menuiseries[],53,FALSE),"")
B139: =IFERROR(VLOOKUP('Calendrier de pose'!A139,menuiseries[],19,FALSE),"") | C139: =IFERROR(VLOOKUP('Calendrier de pose'!A139,menuiseries[],2,FALSE),"") | D139: =IFERROR(VLOOKUP('Calendrier de pose'!A139,menuiseries[],4,FALSE),"") | E139: =IFERROR(VLOOKUP('Calendrier de pose'!A139,menuiseries[],7,FALSE),"") | F139: =IFERROR(VLOOKUP('Calendrier de pose'!A139,menuiseries[],14,FALSE),"") | G139: =IFERROR(VLOOKUP('Calendrier de pose'!A139,menuiseries[],16,FALSE),"") | H139: =IFERROR(VLOOKUP('Calendrier de pose'!A139,menuiseries[],61,FALSE),"") | I139: =IFERROR(VLOOKUP('Calendrier de pose'!A139,menuiseries[],26,FALSE),"") | J139: =IFERROR(VLOOKUP('Calendrier de pose'!A139,menuiseries[],31,FALSE),"") | K139: =IFERROR(VLOOKUP('Calendrier de pose'!A139,menuiseries[],37,FALSE),"") | L139: =IFERROR(VLOOKUP('Calendrier de pose'!A139,menuiseries[],42,FALSE),"") | M139: =IFERROR(VLOOKUP('Calendrier de pose'!A139,menuiseries[],47,FALSE),"") | N139: =IFERROR(VLOOKUP('Calendrier de pose'!A139,menuiseries[],53,FALSE),"")
B140: =IFERROR(VLOOKUP('Calendrier de pose'!A140,menuiseries[],19,FALSE),"") | C140: =IFERROR(VLOOKUP('Calendrier de pose'!A140,menuiseries[],2,FALSE),"") | D140: =IFERROR(VLOOKUP('Calendrier de pose'!A140,menuiseries[],4,FALSE),"") | E140: =IFERROR(VLOOKUP('Calendrier de pose'!A140,menuiseries[],7,FALSE),"") | F140: =IFERROR(VLOOKUP('Calendrier de pose'!A140,menuiseries[],14,FALSE),"") | G140: =IFERROR(VLOOKUP('Calendrier de pose'!A140,menuiseries[],16,FALSE),"") | H140: =IFERROR(VLOOKUP('Calendrier de pose'!A140,menuiseries[],61,FALSE),"") | I140: =IFERROR(VLOOKUP('Calendrier de pose'!A140,menuiseries[],26,FALSE),"") | J140: =IFERROR(VLOOKUP('Calendrier de pose'!A140,menuiseries[],31,FALSE),"") | K140: =IFERROR(VLOOKUP('Calendrier de pose'!A140,menuiseries[],37,FALSE),"") | L140: =IFERROR(VLOOKUP('Calendrier de pose'!A140,menuiseries[],42,FALSE),"") | M140: =IFERROR(VLOOKUP('Calendrier de pose'!A140,menuiseries[],47,FALSE),"") | N140: =IFERROR(VLOOKUP('Calendrier de pose'!A140,menuiseries[],53,FALSE),"")
B141: =IFERROR(VLOOKUP('Calendrier de pose'!A141,menuiseries[],19,FALSE),"") | C141: =IFERROR(VLOOKUP('Calendrier de pose'!A141,menuiseries[],2,FALSE),"") | D141: =IFERROR(VLOOKUP('Calendrier de pose'!A141,menuiseries[],4,FALSE),"") | E141: =IFERROR(VLOOKUP('Calendrier de pose'!A141,menuiseries[],7,FALSE),"") | F141: =IFERROR(VLOOKUP('Calendrier de pose'!A141,menuiseries[],14,FALSE),"") | G141: =IFERROR(VLOOKUP('Calendrier de pose'!A141,menuiseries[],16,FALSE),"") | H141: =IFERROR(VLOOKUP('Calendrier de pose'!A141,menuiseries[],61,FALSE),"") | I141: =IFERROR(VLOOKUP('Calendrier de pose'!A141,menuiseries[],26,FALSE),"") | J141: =IFERROR(VLOOKUP('Calendrier de pose'!A141,menuiseries[],31,FALSE),"") | K141: =IFERROR(VLOOKUP('Calendrier de pose'!A141,menuiseries[],37,FALSE),"") | L141: =IFERROR(VLOOKUP('Calendrier de pose'!A141,menuiseries[],42,FALSE),"") | M141: =IFERROR(VLOOKUP('Calendrier de pose'!A141,menuiseries[],47,FALSE),"") | N141: =IFERROR(VLOOKUP('Calendrier de pose'!A141,menuiseries[],53,FALSE),"")
B142: =IFERROR(VLOOKUP('Calendrier de pose'!A142,menuiseries[],19,FALSE),"") | C142: =IFERROR(VLOOKUP('Calendrier de pose'!A142,menuiseries[],2,FALSE),"") | D142: =IFERROR(VLOOKUP('Calendrier de pose'!A142,menuiseries[],4,FALSE),"") | E142: =IFERROR(VLOOKUP('Calendrier de pose'!A142,menuiseries[],7,FALSE),"") | F142: =IFERROR(VLOOKUP('Calendrier de pose'!A142,menuiseries[],14,FALSE),"") | G142: =IFERROR(VLOOKUP('Calendrier de pose'!A142,menuiseries[],16,FALSE),"") | H142: =IFERROR(VLOOKUP('Calendrier de pose'!A142,menuiseries[],61,FALSE),"") | I142: =IFERROR(VLOOKUP('Calendrier de pose'!A142,menuiseries[],26,FALSE),"") | J142: =IFERROR(VLOOKUP('Calendrier de pose'!A142,menuiseries[],31,FALSE),"") | K142: =IFERROR(VLOOKUP('Calendrier de pose'!A142,menuiseries[],37,FALSE),"") | L142: =IFERROR(VLOOKUP('Calendrier de pose'!A142,menuiseries[],42,FALSE),"") | M142: =IFERROR(VLOOKUP('Calendrier de pose'!A142,menuiseries[],47,FALSE),"") | N142: =IFERROR(VLOOKUP('Calendrier de pose'!A142,menuiseries[],53,FALSE),"")
B143: =IFERROR(VLOOKUP('Calendrier de pose'!A143,menuiseries[],19,FALSE),"") | C143: =IFERROR(VLOOKUP('Calendrier de pose'!A143,menuiseries[],2,FALSE),"") | D143: =IFERROR(VLOOKUP('Calendrier de pose'!A143,menuiseries[],4,FALSE),"") | E143: =IFERROR(VLOOKUP('Calendrier de pose'!A143,menuiseries[],7,FALSE),"") | F143: =IFERROR(VLOOKUP('Calendrier de pose'!A143,menuiseries[],14,FALSE),"") | G143: =IFERROR(VLOOKUP('Calendrier de pose'!A143,menuiseries[],16,FALSE),"") | H143: =IFERROR(VLOOKUP('Calendrier de pose'!A143,menuiseries[],61,FALSE),"") | I143: =IFERROR(VLOOKUP('Calendrier de pose'!A143,menuiseries[],26,FALSE),"") | J143: =IFERROR(VLOOKUP('Calendrier de pose'!A143,menuiseries[],31,FALSE),"") | K143: =IFERROR(VLOOKUP('Calendrier de pose'!A143,menuiseries[],37,FALSE),"") | L143: =IFERROR(VLOOKUP('Calendrier de pose'!A143,menuiseries[],42,FALSE),"") | M143: =IFERROR(VLOOKUP('Calendrier de pose'!A143,menuiseries[],47,FALSE),"") | N143: =IFERROR(VLOOKUP('Calendrier de pose'!A143,menuiseries[],53,FALSE),"")
B144: =IFERROR(VLOOKUP('Calendrier de pose'!A144,menuiseries[],19,FALSE),"") | C144: =IFERROR(VLOOKUP('Calendrier de pose'!A144,menuiseries[],2,FALSE),"") | D144: =IFERROR(VLOOKUP('Calendrier de pose'!A144,menuiseries[],4,FALSE),"") | E144: =IFERROR(VLOOKUP('Calendrier de pose'!A144,menuiseries[],7,FALSE),"") | F144: =IFERROR(VLOOKUP('Calendrier de pose'!A144,menuiseries[],14,FALSE),"") | G144: =IFERROR(VLOOKUP('Calendrier de pose'!A144,menuiseries[],16,FALSE),"") | H144: =IFERROR(VLOOKUP('Calendrier de pose'!A144,menuiseries[],61,FALSE),"") | I144: =IFERROR(VLOOKUP('Calendrier de pose'!A144,menuiseries[],26,FALSE),"") | J144: =IFERROR(VLOOKUP('Calendrier de pose'!A144,menuiseries[],31,FALSE),"") | K144: =IFERROR(VLOOKUP('Calendrier de pose'!A144,menuiseries[],37,FALSE),"") | L144: =IFERROR(VLOOKUP('Calendrier de pose'!A144,menuiseries[],42,FALSE),"") | M144: =IFERROR(VLOOKUP('Calendrier de pose'!A144,menuiseries[],47,FALSE),"") | N144: =IFERROR(VLOOKUP('Calendrier de pose'!A144,menuiseries[],53,FALSE),"")
B145: =IFERROR(VLOOKUP('Calendrier de pose'!A145,menuiseries[],19,FALSE),"") | C145: =IFERROR(VLOOKUP('Calendrier de pose'!A145,menuiseries[],2,FALSE),"") | D145: =IFERROR(VLOOKUP('Calendrier de pose'!A145,menuiseries[],4,FALSE),"") | E145: =IFERROR(VLOOKUP('Calendrier de pose'!A145,menuiseries[],7,FALSE),"") | F145: =IFERROR(VLOOKUP('Calendrier de pose'!A145,menuiseries[],14,FALSE),"") | G145: =IFERROR(VLOOKUP('Calendrier de pose'!A145,menuiseries[],16,FALSE),"") | H145: =IFERROR(VLOOKUP('Calendrier de pose'!A145,menuiseries[],61,FALSE),"") | I145: =IFERROR(VLOOKUP('Calendrier de pose'!A145,menuiseries[],26,FALSE),"") | J145: =IFERROR(VLOOKUP('Calendrier de pose'!A145,menuiseries[],31,FALSE),"") | K145: =IFERROR(VLOOKUP('Calendrier de pose'!A145,menuiseries[],37,FALSE),"") | L145: =IFERROR(VLOOKUP('Calendrier de pose'!A145,menuiseries[],42,FALSE),"") | M145: =IFERROR(VLOOKUP('Calendrier de pose'!A145,menuiseries[],47,FALSE),"") | N145: =IFERROR(VLOOKUP('Calendrier de pose'!A145,menuiseries[],53,FALSE),"")
B146: =IFERROR(VLOOKUP('Calendrier de pose'!A146,menuiseries[],19,FALSE),"") | C146: =IFERROR(VLOOKUP('Calendrier de pose'!A146,menuiseries[],2,FALSE),"") | D146: =IFERROR(VLOOKUP('Calendrier de pose'!A146,menuiseries[],4,FALSE),"") | E146: =IFERROR(VLOOKUP('Calendrier de pose'!A146,menuiseries[],7,FALSE),"") | F146: =IFERROR(VLOOKUP('Calendrier de pose'!A146,menuiseries[],14,FALSE),"") | G146: =IFERROR(VLOOKUP('Calendrier de pose'!A146,menuiseries[],16,FALSE),"") | H146: =IFERROR(VLOOKUP('Calendrier de pose'!A146,menuiseries[],61,FALSE),"") | I146: =IFERROR(VLOOKUP('Calendrier de pose'!A146,menuiseries[],26,FALSE),"") | J146: =IFERROR(VLOOKUP('Calendrier de pose'!A146,menuiseries[],31,FALSE),"") | K146: =IFERROR(VLOOKUP('Calendrier de pose'!A146,menuiseries[],37,FALSE),"") | L146: =IFERROR(VLOOKUP('Calendrier de pose'!A146,menuiseries[],42,FALSE),"") | M146: =IFERROR(VLOOKUP('Calendrier de pose'!A146,menuiseries[],47,FALSE),"") | N146: =IFERROR(VLOOKUP('Calendrier de pose'!A146,menuiseries[],53,FALSE),"")
B147: =IFERROR(VLOOKUP('Calendrier de pose'!A147,menuiseries[],19,FALSE),"") | C147: =IFERROR(VLOOKUP('Calendrier de pose'!A147,menuiseries[],2,FALSE),"") | D147: =IFERROR(VLOOKUP('Calendrier de pose'!A147,menuiseries[],4,FALSE),"") | E147: =IFERROR(VLOOKUP('Calendrier de pose'!A147,menuiseries[],7,FALSE),"") | F147: =IFERROR(VLOOKUP('Calendrier de pose'!A147,menuiseries[],14,FALSE),"") | G147: =IFERROR(VLOOKUP('Calendrier de pose'!A147,menuiseries[],16,FALSE),"") | H147: =IFERROR(VLOOKUP('Calendrier de pose'!A147,menuiseries[],61,FALSE),"") | I147: =IFERROR(VLOOKUP('Calendrier de pose'!A147,menuiseries[],26,FALSE),"") | J147: =IFERROR(VLOOKUP('Calendrier de pose'!A147,menuiseries[],31,FALSE),"") | K147: =IFERROR(VLOOKUP('Calendrier de pose'!A147,menuiseries[],37,FALSE),"") | L147: =IFERROR(VLOOKUP('Calendrier de pose'!A147,menuiseries[],42,FALSE),"") | M147: =IFERROR(VLOOKUP('Calendrier de pose'!A147,menuiseries[],47,FALSE),"") | N147: =IFERROR(VLOOKUP('Calendrier de pose'!A147,menuiseries[],53,FALSE),"")
... B301: =IFERROR(VLOOKUP('Calendrier de pose'!A301,menuiseries[],19,FALSE),"") | C301: =IFERROR(VLOOKUP('Calendrier de pose'!A301,menuiseries[],2,FALSE),"") | D301: =IFERROR(VLOOKUP('Calendrier de pose'!A301,menuiseries[],4,FALSE),"") | E301: =IFERROR(VLOOKUP('Calendrier de pose'!A301,menuiseries[],7,FALSE),"") | F301: =IFERROR(VLOOKUP('Calendrier de pose'!A301,menuiseries[],14,FALSE),"") | G301: =IFERROR(VLOOKUP('Calendrier de pose'!A301,menuiseries[],16,FALSE),"") | H301: =IFERROR(VLOOKUP('Calendrier de pose'!A301,menuiseries[],61,FALSE),"") | I301: =IFERROR(VLOOKUP('Calendrier de pose'!A301,menuiseries[],26,FALSE),"") | J301: =IFERROR(VLOOKUP('Calendrier de pose'!A301,menuiseries[],31,FALSE),"") | K301: =IFERROR(VLOOKUP('Calendrier de pose'!A301,menuiseries[],37,FALSE),"") | L301: =IFERROR(VLOOKUP('Calendrier de pose'!A301,menuiseries[],42,FALSE),"") | M301: =IFERROR(VLOOKUP('Calendrier de pose'!A301,menuiseries[],47,FALSE),"") | N301: =IFERROR(VLOOKUP('Calendrier de pose'!A301,menuiseries[],53,FALSE),"")

Sheet TCD
C1: Valeurs
A2: Date de pose | B2: Nom du chantier | C2: Somme de Montant HT | D2: Somme de Montant TTC de la commande | E2: Somme de Solde à encaisser
A3: S38 | B3: Martin | C3: 4000 | D3: 4500 | E3: 500
B4: Truc pluch | E4: 2000
A5: S39 | B5: Sophie | C5: 2000 | E5: 5000
B6: Tyhdfq | E6: 3000
A7: S40 | B7: hgjg | E7: 1000
B8: Tourtoin | C8: 1000 | E8: 3000
A9: Total général | C9: 7000 | D9: 4500 | E9: 14500

Sheet Calendrier de pose formule mat
A1: NOM | B1: Jour de pose | C1: CA HT | D1: Solde TTC | E1: NOM | F1: Jour de pose | G1: CA HT | H1: Solde TTC | I1: NOM | J1: Jour de pose | K1: CA HT | L1: Solde TTC | M1: NOM | N1: Jour de pose | O1: CA HT | P1: Solde TTC | Q1: NOM | R1: Jour de pose | S1: CA HT | T1: Solde TTC | U1: NOM | V1: Jour de pose | W1: CA HT | X1: Solde TTC | Y1: NOM | Z1: Jour de pose | AA1: CA HT | AB1: Solde TTC | AC1: NOM | AD1: Jour de pose | AE1: CA HT | AF1: Solde TTC | AG1: NOM | AH1: Jour de pose | AI1: CA HT | AJ1: Solde TTC | AK1: NOM | AL1: Jour de pose | AM1: CA HT | AN1: Solde TTC | AO1: NOM | AP1: Jour de pose | AQ1: CA HT | AR1: Solde TTC | AS1: NOM | AT1: Jour de pose | AU1: CA HT | AV1: Solde TTC | AW1: NOM | AX1: Jour de pose | AY1: CA HT | AZ1: Solde TTC | BA1: NOM | BB1: Jour de pose | BC1: CA HT | BD1: Solde TTC | BE1: NOM | BF1: Jour de pose | BG1: CA HT | BH1: Solde TTC
A2: S38 | B2: S38 | C2: S38 | D2: S38 | E2: S39 | F2: S39 | G2: S39 | H2: S39 | I2: S40 | J2: S40 | K2: S40 | L2: S40 | M2: S41 | N2: S41 | O2: S41 | P2: S41 | Q2: S42 | R2: S42 | S2: S42 | T2: S42 | U2: S43 | V2: S43 | W2: S43 | X2: S43 | Y2: S44 | Z2: S44 | AA2: S44 | AB2: S44 | AC2: S45 | AD2: S45 | AE2: S45 | AF2: S45 | AG2: S46 | AH2: S46 | AI2: S46 | AJ2: S46 | AK2: S47 | AL2: S47 | AM2: S47 | AN2: S47 | AO2: S48 | AP2: S48 | AQ2: S48 | AR2: S48 | AS2: S49 | AT2: S49 | AU2: S49 | AV2: S49 | AW2: S50 | AX2: S50 | AY2: S50 | AZ2: S50 | BA2: S51 | BB2: S51 | BC2: S51 | BD2: S51 | BE2: S52 | BF2: S52 | BG2: S52 | BH2: S52
A3: =SIERREUR(INDEX(MENUISERIES!$B$9:$B$153;PETITE.VALEUR(SI(MENUISERIES!$AR$9:$AR$153=A$2;LIGNE(MENUISERIES!$AR$9:$AR$153)-1;9^9)-1;LIGNE()-2));"") | B3: Recherche V | C3: Recherche V | D3: Recherche V
A11: =IFERROR(INDEX([2]Tableau145!$B$3:$B$150,SMALL(IF([2]Tableau145!$AR$3:$AR$150=A$2,ROW([2]Tableau145!$AR$3:$AR$150)-1,9^9),ROW()-1)),"") | B11: =SUM(B3:B10) -> 0 | C11: =SUM(C3:C10) -> 0 | D11: =SUM(D3:D10) -> 0 | F11: =SUM(F3:F10) -> 0 | G11: =SUM(G3:G10) -> 0 | H11: =SUM(H3:H10) -> 0 | J11: =SUM(J3:J10) -> 0 | K11: =SUM(K3:K10) -> 0 | L11: =SUM(L3:L10) -> 0 | N11: =SUM(N3:N10) -> 0 | O11: =SUM(O3:O10) -> 0 | P11: =SUM(P3:P10) -> 0 | R11: =SUM(R3:R10) -> 0 | S11: =SUM(S3:S10) -> 0 | T11: =SUM(T3:T10) -> 0 | V11: =SUM(V3:V10) -> 0 | W11: =SUM(W3:W10) -> 0 | X11: =SUM(X3:X10) -> 0 | Z11: =SUM(Z3:Z10) -> 0 | AA11: =SUM(AA3:AA10) -> 0 | AB11: =SUM(AB3:AB10) -> 0 | AD11: =SUM(AD3:AD10) -> 0 | AE11: =SUM(AE3:AE10) -> 0 | AF11: =SUM(AF3:AF10) -> 0 | AH11: =SUM(AH3:AH10) -> 0 | AI11: =SUM(AI3:AI10) -> 0 | AJ11: =SUM(AJ3:AJ10) -> 0 | AL11: =SUM(AL3:AL10) -> 0 | AM11: =SUM(AM3:AM10) -> 0 | AN11: =SUM(AN3:AN10) -> 0 | AP11: =SUM(AP3:AP10) -> 0 | AQ11: =SUM(AQ3:AQ10) -> 0 | AR11: =SUM(AR3:AR10) -> 0 | AT11: =SUM(AT3:AT10) -> 0 | AU11: =SUM(AU3:AU10) -> 0 | AV11: =SUM(AV3:AV10) -> 0 | AX11: =SUM(AX3:AX10) -> 0 | AY11: =SUM(AY3:AY10) -> 0 | AZ11: =SUM(AZ3:AZ10) -> 0 | BB11: =SUM(BB3:BB10) -> 0 | BC11: =SUM(BC3:BC10) -> 0 | BD11: =SUM(BD3:BD10) -> 0 | BF11: =SUM(BF3:BF10) -> 0 | BG11: =SUM(BG3:BG10) -> 0 | BH11: =SUM(BH3:BH10) -> 0
A12: =IFERROR(INDEX([2]Tableau145!$B$3:$B$150,SMALL(IF([2]Tableau145!$AR$3:$AR$150=A$2,ROW([2]Tableau145!$AR$3:$AR$150)-1,9^9),ROW()-1)),"")
A13: =IFERROR(INDEX([2]Tableau145!$B$3:$B$150,SMALL(IF([2]Tableau145!$AR$3:$AR$150=A$2,ROW([2]Tableau145!$AR$3:$AR$150)-1,9^9),ROW()-1)),"")
A14: =IFERROR(INDEX([2]Tableau145!$B$3:$B$150,SMALL(IF([2]Tableau145!$AR$3:$AR$150=A$2,ROW([2]Tableau145!$AR$3:$AR$150)-1,9^9),ROW()-1)),"")
A15: =IFERROR(INDEX([2]Tableau145!$B$3:$B$150,SMALL(IF([2]Tableau145!$AR$3:$AR$150=A$2,ROW([2]Tableau145!$AR$3:$AR$150)-1,9^9),ROW()-1)),"")
A16: =IFERROR(INDEX([2]Tableau145!$B$3:$B$150,SMALL(IF([2]Tableau145!$AR$3:$AR$150=A$2,ROW([2]Tableau145!$AR$3:$AR$150)-1,9^9),ROW()-1)),"")
A17: =IFERROR(INDEX([2]Tableau145!$B$3:$B$150,SMALL(IF([2]Tableau145!$AR$3:$AR$150=A$2,ROW([2]Tableau145!$AR$3:$AR$150)-1,9^9),ROW()-1)),"")
A18: =IFERROR(INDEX([2]Tableau145!$B$3:$B$150,SMALL(IF([2]Tableau145!$AR$3:$AR$150=A$2,ROW([2]Tableau145!$AR$3:$AR$150)-1,9^9),ROW()-1)),"")
A19: =IFERROR(INDEX([2]Tableau145!$B$3:$B$150,SMALL(IF([2]Tableau145!$AR$3:$AR$150=A$2,ROW([2]Tableau145!$AR$3:$AR$150)-1,9^9),ROW()-1)),"")
A20: =IFERROR(INDEX([2]Tableau145!$B$3:$B$150,SMALL(IF([2]Tableau145!$AR$3:$AR$150=A$2,ROW([2]Tableau145!$AR$3:$AR$150)-1,9^9),ROW()-1)),"")
A21: =IFERROR(INDEX([2]Tableau145!$B$3:$B$150,SMALL(IF([2]Tableau145!$AR$3:$AR$150=A$2,ROW([2]Tableau145!$AR$3:$AR$150)-1,9^9),ROW()-1)),"")
A22: =IFERROR(INDEX([2]Tableau145!$B$3:$B$150,SMALL(IF([2]Tableau145!$AR$3:$AR$150=A$2,ROW([2]Tableau145!$AR$3:$AR$150)-1,9^9),ROW()-1)),"")
A23: =IFERROR(INDEX([2]Tableau145!$B$3:$B$150,SMALL(IF([2]Tableau145!$AR$3:$AR$150=A$2,ROW([2]Tableau145!$AR$3:$AR$150)-1,9^9),ROW()-1)),"")
... A138: =IFERROR(INDEX([2]Tableau145!$B$3:$B$150,SMALL(IF([2]Tableau145!$AR$3:$AR$150=A$2,ROW([2]Tableau145!$AR$3:$AR$150)-1,9^9),ROW()-1)),"")

Sheet Calendrier fournis formule matr
A1: Fournisseur | B1: NOM | C1: Fournisseur | D1: Montant TTC | E1: NOM | F1: Fournisseur | G1: Montant TTC | H1: NOM | I1: Fournisseur | J1: Montant TTC | K1: NOM | L1: Fournisseur | M1: Montant TTC | N1: NOM | O1: Fournisseur | P1: Montant TTC | Q1: NOM | R1: Fournisseur | S1: Montant TTC | T1: NOM | U1: Fournisseur | V1: Montant TTC | W1: NOM | X1: Fournisseur | Y1: Montant TTC | Z1: NOM | AA1: Fournisseur | AB1: Montant TTC | AC1: NOM | AD1: Fournisseur | AE1: Montant TTC | AF1: NOM | AG1: Fournisseur | AH1: Montant TTC | AI1: NOM | AJ1: Fournisseur | AK1: Montant TTC | AL1: NOM | AM1: Fournisseur | AN1: Montant TTC | AO1: NOM | AP1: Fournisseur | AQ1: Montant TTC | AR1: NOM | AS1: Fournisseur | AT1: Montant TTC
B2: S38 | C2: S38 | D2: S38 | E2: S39 | F2: S39 | G2: S39 | H2: S40 | I2: S40 | J2: S40 | K2: S41 | L2: S41 | M2: S41 | N2: S42 | O2: S42 | P2: S42 | Q2: S43 | R2: S43 | S2: S43 | T2: S44 | U2: S44 | V2: S44 | W2: S45 | X2: S45 | Y2: S45 | Z2: S46 | AA2: S46 | AB2: S46 | AC2: S47 | AD2: S47 | AE2: S47 | AF2: S48 | AG2: S48 | AH2: S48 | AI2: S49 | AJ2: S49 | AK2: S49 | AL2: S50 | AM2: S50 | AN2: S50 | AO2: S51 | AP2: S51 | AQ2: S51 | AR2: S52 | AS2: S52 | AT2: S52
B3: =SIERREUR(INDEX(MENUISERIES!$B$9:$B$153;PETITE.VALEUR(SI(MENUISERIES!$AA$9:$AA$153=B$2;LIGNE(MENUISERIES!$AA$9:$AA$153)-1;9^9)-1;LIGNE()-LIGNE($B$11)+1));"") | C3: Recherche V | D3: Recherche V
B4: =SIERREUR(INDEX(MENUISERIES!$B$9:$B$153;PETITE.VALEUR(SI(MENUISERIES!$AA$9:$AA$153=B$2;LIGNE(MENUISERIES!$AA$9:$AA$153)-1;9^9)-1;LIGNE()-LIGNE($B$11)+1));"")
B5: =SIERREUR(INDEX(MENUISERIES!$B$9:$B$153;PETITE.VALEUR(SI(MENUISERIES!$AA$9:$AA$153=B$2;LIGNE(MENUISERIES!$AA$9:$AA$153)-1;9^9)-1;LIGNE()-LIGNE($B$11)+1));"")
B6: =SIERREUR(INDEX(MENUISERIES!$B$9:$B$153;PETITE.VALEUR(SI(MENUISERIES!$AA$9:$AA$153=B$2;LIGNE(MENUISERIES!$AA$9:$AA$153)-1;9^9)-1;LIGNE()-LIGNE($B$11)+1));"")
A22: Fournisseur 1 | B22: =IFERROR(INDEX([2]Tableau145!$B$3:$B$150,SMALL(IF([2]Tableau145!$AR$3:$AR$150=B$2,ROW([2]Tableau145!$AR$3:$AR$150)-1,9^9),ROW()-1)),"") | D22: Somme si | E22: =IFERROR(INDEX([2]Tableau145!$B$3:$B$150,SMALL(IF([2]Tableau145!$AR$3:$AR$150=E$2,ROW([2]Tableau145!$AR$3:$AR$150)-1,9^9),ROW()-1)),"") | G22: Somme si | H22: =IFERROR(INDEX([2]Tableau145!$B$3:$B$150,SMALL(IF([2]Tableau145!$AR$3:$AR$150=H$2,ROW([2]Tableau145!$AR$3:$AR$150)-1,9^9),ROW()-1)),"") | J22: Somme si | K22: =IFERROR(INDEX([2]Tableau145!$B$3:$B$150,SMALL(IF([2]Tableau145!$AR$3:$AR$150=K$2,ROW([2]Tableau145!$AR$3:$AR$150)-1,9^9),ROW()-1)),"") | M22: Somme si | N22: =IFERROR(INDEX([2]Tableau145!$B$3:$B$150,SMALL(IF([2]Tableau145!$AR$3:$AR$150=N$2,ROW([2]Tableau145!$AR$3:$AR$150)-1,9^9),ROW()-1)),"") | Q22: =IFERROR(INDEX([2]Tableau145!$B$3:$B$150,SMALL(IF([2]Tableau145!$AR$3:$AR$150=Q$2,ROW([2]Tableau145!$AR$3:$AR$150)-1,9^9),ROW()-1)),"") | T22: =IFERROR(INDEX([2]Tableau145!$B$3:$B$150,SMALL(IF([2]Tableau145!$AR$3:$AR$150=T$2,ROW([2]Tableau145!$AR$3:$AR$150)-1,9^9),ROW()-1)),"") | W22: =IFERROR(INDEX([2]Tableau145!$B$3:$B$150,SMALL(IF([2]Tableau145!$AR$3:$AR$150=W$2,ROW([2]Tableau145!$AR$3:$AR$150)-1,9^9),ROW()-1)),"") | Z22: =IFERROR(INDEX([2]Tableau145!$B$3:$B$150,SMALL(IF([2]Tableau145!$AR$3:$AR$150=Z$2,ROW([2]Tableau145!$AR$3:$AR$150)-1,9^9),ROW()-1)),"") | AC22: =IFERROR(INDEX([2]Tableau145!$B$3:$B$150,SMALL(IF([2]Tableau145!$AR$3:$AR$150=AC$2,ROW([2]Tableau145!$AR$3:$AR$150)-1,9^9),ROW()-1)),"") | AF22: =IFERROR(INDEX([2]Tableau145!$B$3:$B$150,SMALL(IF([2]Tableau145!$AR$3:$AR$150=AF$2,ROW([2]Tableau145!$AR$3:$AR$150)-1,9^9),ROW()-1)),"") | AI22: =IFERROR(INDEX([2]Tableau145!$B$3:$B$150,SMALL(IF([2]Tableau145!$AR$3:$AR$150=AI$2,ROW([2]Tableau145!$AR$3:$AR$150)-1,9^9),ROW()-1)),"") | AL22: =IFERROR(INDEX([2]Tableau145!$B$3:$B$150,SMALL(IF([2]Tableau145!$AR$3:$AR$150=AL$2,ROW([2]Tableau145!$AR$3:$AR$150)-1,9^9),ROW()-1)),"") | AO22: =IFERROR(INDEX([2]Tableau145!$B$3:$B$150,SMALL(IF([2]Tableau145!$AR$3:$AR$150=AO$2,ROW([2]Tableau145!$AR$3:$AR$150)-1,9^9),ROW()-1)),"") | AR22: =IFERROR(INDEX([2]Tableau145!$B$3:$B$150,SMALL(IF([2]Tableau145!$AR$3:$AR$150=AR$2,ROW([2]Tableau145!$AR$3:$AR$150)-1,9^9),ROW()-1)),"")
A23: Fournisseur 2 | B23: =IFERROR(INDEX([2]Tableau145!$B$3:$B$150,SMALL(IF([2]Tableau145!$AR$3:$AR$150=B$2,ROW([2]Tableau145!$AR$3:$AR$150)-1,9^9),ROW()-1)),"") | D23: Somme si | E23: =IFERROR(INDEX([2]Tableau145!$B$3:$B$150,SMALL(IF([2]Tableau145!$AR$3:$AR$150=E$2,ROW([2]Tableau145!$AR$3:$AR$150)-1,9^9),ROW()-1)),"") | G23: Somme si | H23: =IFERROR(INDEX([2]Tableau145!$B$3:$B$150,SMALL(IF([2]Tableau145!$AR$3:$AR$150=H$2,ROW([2]Tableau145!$AR$3:$AR$150)-1,9^9),ROW()-1)),"") | J23: Somme si | K23: =IFERROR(INDEX([2]Tableau145!$B$3:$B$150,SMALL(IF([2]Tableau145!$AR$3:$AR$150=K$2,ROW([2]Tableau145!$AR$3:$AR$150)-1,9^9),ROW()-1)),"") | M23: Somme si | N23: =IFERROR(INDEX([2]Tableau145!$B$3:$B$150,SMALL(IF([2]Tableau145!$AR$3:$AR$150=N$2,ROW([2]Tableau145!$AR$3:$AR$150)-1,9^9),ROW()-1)),"") | Q23: =IFERROR(INDEX([2]Tableau145!$B$3:$B$150,SMALL(IF([2]Tableau145!$AR$3:$AR$150=Q$2,ROW([2]Tableau145!$AR$3:$AR$150)-1,9^9),ROW()-1)),"") | T23: =IFERROR(INDEX([2]Tableau145!$B$3:$B$150,SMALL(IF([2]Tableau145!$AR$3:$AR$150=T$2,ROW([2]Tableau145!$AR$3:$AR$150)-1,9^9),ROW()-1)),"") | W23: =IFERROR(INDEX([2]Tableau145!$B$3:$B$150,SMALL(IF([2]Tableau145!$AR$3:$AR$150=W$2,ROW([2]Tableau145!$AR$3:$AR$150)-1,9^9),ROW()-1)),"") | Z23: =IFERROR(INDEX([2]Tableau145!$B$3:$B$150,SMALL(IF([2]Tableau145!$AR$3:$AR$150=Z$2,ROW([2]Tableau145!$AR$3:$AR$150)-1,9^9),ROW()-1)),"") | AC23: =IFERROR(INDEX([2]Tableau145!$B$3:$B$150,SMALL(IF([2]Tableau145!$AR$3:$AR$150=AC$2,ROW([2]Tableau145!$AR$3:$AR$150)-1,9^9),ROW()-1)),"") | AF23: =IFERROR(INDEX([2]Tableau145!$B$3:$B$150,SMALL(IF([2]Tableau145!$AR$3:$AR$150=AF$2,ROW([2]Tableau145!$AR$3:$AR$150)-1,9^9),ROW()-1)),"") | AI23: =IFERROR(INDEX([2]Tableau145!$B$3:$B$150,SMALL(IF([2]Tableau145!$AR$3:$AR$150=AI$2,ROW([2]Tableau145!$AR$3:$AR$150)-1,9^9),ROW()-1)),"") | AL23: =IFERROR(INDEX([2]Tableau145!$B$3:$B$150,SMALL(IF([2]Tableau145!$AR$3:$AR$150=AL$2,ROW([2]Tableau145!$AR$3:$AR$150)-1,9^9),ROW()-1)),"") | AO23: =IFERROR(INDEX([2]Tableau145!$B$3:$B$150,SMALL(IF([2]Tableau145!$AR$3:$AR$150=AO$2,ROW([2]Tableau145!$AR$3:$AR$150)-1,9^9),ROW()-1)),"") | AR23: =IFERROR(INDEX([2]Tableau145!$B$3:$B$150,SMALL(IF([2]Tableau145!$AR$3:$AR$150=AR$2,ROW([2]Tableau145!$AR$3:$AR$150)-1,9^9),ROW()-1)),"")
A24: Fournisseur 3 | B24: =IFERROR(INDEX([2]Tableau145!$B$3:$B$150,SMALL(IF([2]Tableau145!$AR$3:$AR$150=B$2,ROW([2]Tableau145!$AR$3:$AR$150)-1,9^9),ROW()-1)),"") | D24: Somme si | E24: =IFERROR(INDEX([2]Tableau145!$B$3:$B$150,SMALL(IF([2]Tableau145!$AR$3:$AR$150=E$2,ROW([2]Tableau145!$AR$3:$AR$150)-1,9^9),ROW()-1)),"") | H24: =IFERROR(INDEX([2]Tableau145!$B$3:$B$150,SMALL(IF([2]Tableau145!$AR$3:$AR$150=H$2,ROW([2]Tableau145!$AR$3:$AR$150)-1,9^9),ROW()-1)),"") | N24: =IFERROR(INDEX([2]Tableau145!$B$3:$B$150,SMALL(IF([2]Tableau145!$AR$3:$AR$150=N$2,ROW([2]Tableau145!$AR$3:$AR$150)-1,9^9),ROW()-1)),"") | Q24: =IFERROR(INDEX([2]Tableau145!$B$3:$B$150,SMALL(IF([2]Tableau145!$AR$3:$AR$150=Q$2,ROW([2]Tableau145!$AR$3:$AR$150)-1,9^9),ROW()-1)),"") | T24: =IFERROR(INDEX([2]Tableau145!$B$3:$B$150,SMALL(IF([2]Tableau145!$AR$3:$AR$150=T$2,ROW([2]Tableau145!$AR$3:$AR$150)-1,9^9),ROW()-1)),"") | W24: =IFERROR(INDEX([2]Tableau145!$B$3:$B$150,SMALL(IF([2]Tableau145!$AR$3:$AR$150=W$2,ROW([2]Tableau145!$AR$3:$AR$150)-1,9^9),ROW()-1)),"") | Z24: =IFERROR(INDEX([2]Tableau145!$B$3:$B$150,SMALL(IF([2]Tableau145!$AR$3:$AR$150=Z$2,ROW([2]Tableau145!$AR$3:$AR$150)-1,9^9),ROW()-1)),"") | AC24: =IFERROR(INDEX([2]Tableau145!$B$3:$B$150,SMALL(IF([2]Tableau145!$AR$3:$AR$150=AC$2,ROW([2]Tableau145!$AR$3:$AR$150)-1,9^9),ROW()-1)),"") | AF24: =IFERROR(INDEX([2]Tableau145!$B$3:$B$150,SMALL(IF([2]Tableau145!$AR$3:$AR$150=AF$2,ROW([2]Tableau145!$AR$3:$AR$150)-1,9^9),ROW()-1)),"") | AI24: =IFERROR(INDEX([2]Tableau145!$B$3:$B$150,SMALL(IF([2]Tableau145!$AR$3:$AR$150=AI$2,ROW([2]Tableau145!$AR$3:$AR$150)-1,9^9),ROW()-1)),"") | AL24: =IFERROR(INDEX([2]Tableau145!$B$3:$B$150,SMALL(IF([2]Tableau145!$AR$3:$AR$150=AL$2,ROW([2]Tableau145!$AR$3:$AR$150)-1,9^9),ROW()-1)),"") | AO24: =IFERROR(INDEX([2]Tableau145!$B$3:$B$150,SMALL(IF([2]Tableau145!$AR$3:$AR$150=AO$2,ROW([2]Tableau145!$AR$3:$AR$150)-1,9^9),ROW()-1)),"") | AR24: =IFERROR(INDEX([2]Tableau145!$B$3:$B$150,SMALL(IF([2]Tableau145!$AR$3:$AR$150=AR$2,ROW([2]Tableau145!$AR$3:$AR$150)-1,9^9),ROW()-1)),"")
B25: =IFERROR(INDEX([2]Tableau145!$B$3:$B$150,SMALL(IF([2]Tableau145!$AR$3:$AR$150=B$2,ROW([2]Tableau145!$AR$3:$AR$150)-1,9^9),ROW()-1)),"") | E25: =IFERROR(INDEX([2]Tableau145!$B$3:$B$150,SMALL(IF([2]Tableau145!$AR$3:$AR$150=E$2,ROW([2]Tableau145!$AR$3:$AR$150)-1,9^9),ROW()-1)),"")
